 Dungeon Crawl Stone Soup version 0.22-a0-533-g4d20840 (webtiles) character file.

39 inc the Scratcher (level 3, 15/15 HPs)
             Began as a Felid Chaos Knight on June 22, 2018.
             Quit the game on level 2 of the Dungeon.
             The game lasted 00:01:59 (1495 turns).

inc the Scratcher (Felid Chaos Knight)              Turns: 1495, Time: 00:02:00

Health: 15/15      AC:  1    Str:  8    XL:     3   Next: 28%
Magic:  4/4        EV: 18    Int: 12    God:    Xom [*.....]
Gold:   96         SH:  0    Dex: 13    Spells: 2/2 levels left
                                        Lives:  0   Deaths: 1

rFire    . . .     SeeInvis +     - Unarmed
rCold    . . .     Gourm    .   (shield unavailable)
rNeg     + . .     Faith    .   (armour unavailable)
rPois    .         Spirit   .   (helmet unavailable)
rElec    .         Reflect  .   (cloak unavailable)
rCorr    .         Harm     .   (gloves unavailable)
MR       .....                  (boots unavailable)
Stlth    ++........             (no amulet)
HPRegen  0.05/turn              c - ring of positive energy
MPRegen  0.09/turn              (no ring)

@: quick
A: very small, no armour, no weapons or thrown items, stealth, claws 1, fangs 3,
see invisible, carnivore, clumsy 1, dopey 1, speed 1, frail 1, shaggy fur 1,
slow metabolism 1, subdued magic 1, sharp paws
a: Renounce Religion


You were on level 2 of the Dungeon.
You worshipped Xom.
You were a special plaything of Xom.
You were not hungry.

You visited 1 branch of the dungeon, and saw 2 of its levels.

You collected 96 gold pieces.

Inventory:

Jewellery
 c - a ring of positive energy (left paw)
Scrolls
 b - 3 scrolls of remove curse {unknown}
 d - a scroll of random uselessness {unknown}
 e - 2 scrolls of identify {unknown}
 f - a scroll of blinking {unknown}
 g - a scroll of noise {unknown}
 j - 2 scrolls of magic mapping {unknown}
 k - a scroll of immolation {unknown}
Potions
 h - a potion of flight {unknown}
 i - a potion of brilliance {unknown}
Comestibles
 a - 3 rations


   Skills:
 - Level 3.0 Fighting
 - Level 3.2 Dodging
 + Level 5.2 Unarmed Combat


You had 2 spell levels left.
You didn't know any spells.
Your spell library was empty.

Dungeon Overview and Level Annotations

Branches:
Dungeon (2/15)

Altars:


Innate Abilities, Weirdness & Mutations

You cannot wear armour.
You are incapable of wielding weapons or throwing items.
Your paws allow you to move quietly. (Stealth)
You have sharp claws.
You have razor-sharp teeth.
You have supernaturally acute eyesight. (SInv)
You are carnivorous and can eat meat at any time.
You cover ground quickly.
You are covered in fur. (AC +1)
You have a slow metabolism.
Your sharp claws are effective at attacking unaware monsters.
You are clumsy. (Dex -2)
You are dopey. (Int -2)
You are frail. (-10% HP)
Your spells are a little easier to cast, but a little less powerful.


Message History

You barely miss the jackal.
The jackal is lightly wounded.
You found a shaft!
The jackal misses you.
You miss the jackal.
The jackal is lightly wounded.
The jackal misses you. The worm barely misses you.
You scratch the jackal.
The jackal is moderately wounded.
The jackal misses you. x2
You closely miss the jackal.
The jackal is moderately wounded.
The worm bites you!
You die... "Boring in life, boring in death..."
The jackal closely misses you.
You are now level 3!
You rejoin the land of the living...
Found a fizzy orange potion.
Found a stone staircase leading down.
A rat comes into view.
Are you sure you want to abandon this character and quit the game? (Confirm with "yes".)

###
....########
#..........#
#..@..># #.[
#.!....# #...
#..r....# ...#
...........
.......
..###......##..
...#.. .##
######## .
..... ....
....##....
.#.......##


You could see a rat (sleeping).

Vanquished Creatures
  3 adders (D:2)
  2 oozes (D:1)
  4 dart slugs (D:1)
  A leopard gecko (D:2)
  3 giant cockroaches (D:1)
  6 goblins
  4 hobgoblins
  7 jackals
  3 frilled lizards (D:1)
  6 kobolds
  2 rats
41 creatures vanquished.

Notes
Turn   | Place    | Note
-------+----------+-------------------------------------------
     0 | D:1      | inc the Felid Chaos Knight began the quest for the Orb.
     0 | D:1      | Reached XP level 1. HP: 10/10 MP: 2/2
    58 | D:1      | XOM: harmless Hex miscast
   234 | D:1      | XOM: silly message
   236 | D:1      | Reached XP level 2. HP: 9/14 MP: 3/3
   605 | D:1      | Reached skill level 4 in Unarmed Combat
   640 | D:1      | XOM: summons 1 hostile demon
   753 | D:1      | XOM: give mutations
   753 | D:1      | Gained mutation: You are dopey. (Int -2) [Xom's mischief]
   753 | D:1      | Gained mutation: You are clumsy. (Dex -2) [Xom's mischief]
   774 | D:1      | Reached XP level 3. HP: 16/17 MP: 4/4
  1091 | D:1      | XOM: harmless Tmut miscast
  1112 | D:1      | XOM: mild Necr miscast
  1280 | D:1      | XOM: mild Chrm miscast
  1323 | D:2      | XOM is BORED!
  1323 | D:2      | XOM: give mutations
  1323 | D:2      | Gained mutation: You are frail. (-10% HP) [Xom's mischief]
  1323 | D:2      | Gained mutation: Your spells are a little easier to cast, but a little less powerful. [Xom's mischief]
  1364 | D:2      | XOM: noise
  1390 | D:2      | XOM: 1-stop teleportation journey
  1392 | D:2      | Reached skill level 5 in Unarmed Combat
  1392 | D:2      | Reached XP level 4. HP: 15/18 MP: 5/5
  1440 | D:2      | XOM: mild Hex miscast
  1442 | D:2      | XOM: harmless Air miscast
  1455 | D:2      | XOM: swap monsters
  1459 | D:2      | XOM: harmless Hex miscast
  1494 | D:2      | Slain by a worm
  1495 | D:2      | Reached XP level 3. HP: -1/15 MP: 4/4
  1495 | D:2      | Quit the game

Vault maps used:
D:1:      minmay_arrival_radiant_lines
D:2:      gammafunk_temple_overflow_wave, minmay_three_crescents

Skill      XL: |  1  2  3 |
---------------+----------+-----
Unarmed Combat | 4 5 |  5.2
Fighting       | |  3.0
Dodging        | |  3.2

Action                   |  1- 3 |  4- 6 || total
-------------------------+-------+-------++-------
Melee: Unarmed           |   102 |    25 ||   127
       Bite              |     7 |     1 ||     8
       Punch             |     1 |       ||     1
 Stab: Sleeping          |     8 |     1 ||     9
  Eat: Chunk             |     1 |       ||     1
Armor: Skin              |     4 |     1 ||     5
Dodge: Dodged            |    76 |    20 ||    96

Table legend:
 A = Spawn XP
 B = Non-spawn XP
 C = Spawn XP percentage of total XP
 D = Spawn monster count
 E = Non-spawn monster count
 F = Spawn count percentage of total count
 G = Total turns spent on level
                    A         B        C        D         E        F      G
               +---------+---------+-------+---------+---------+-------+---------
         Total |       0 |     126 |   0.0 |       0 |      41 |   0.0 |  1495
               +---------+---------+-------+---------+---------+-------+---------
           D:1 |       0 |      65 |   0.0 |       0 |      27 |   0.0 |  1269
           D:2 |       0 |      61 |   0.0 |       0 |      14 |   0.0 |   226
               +---------+---------+-------+---------+---------+-------+---------
